 Dungeon Crawl Stone Soup version 0.30-a0-743-gbfdf073431 (webtiles) character file.

Game seed: 253137953687763277

625 bande the Chopper (level 7, -16/44 HPs)
             Began as a Gargoyle Fighter on Feb 6, 2023.
             Was an Initiate of Okawaru.
             Demolished by an ogre
             ... wielding a +0 giant club
              (24 damage)
             ... on level 5 of the Dungeon.
             The game lasted 00:08:30 (3644 turns).

bande the Chopper (Gargoyle Fighter)                Turns: 3644, Time: 00:08:31

Health: -16/44     AC: 15    Str: 20    XL:     7   Next: 47%
Magic:  7/7        EV:  8    Int:  8    God:    Okawaru [......]
Gold:   837        SH:  8    Dex: 11    Spells: 6/6 levels left

rFire   . . .      SeeInvis .    a - +0 war axe
rCold   . . .      Faith    .    u - +0 kite shield
rNeg    + . .      Spirit   .    b - +0 scale mail
rPois   ∞          Reflect  .    (no helmet)
rElec   +          Harm     .    j - +0 cloak
rCorr   +          Rampage  .    n - +0 pair of gloves
Will    +....                    s - +0 pair of boots Stlth
                                 (no amulet)
HPRegen 0.27/turn                e - ring of resist corrosion
MPRegen 0.10/turn                o - ring of willpower

@: no status effects
A: sickness immunity, AC +4, negative energy resistance 1, electricity
resistance, torment resistance 1, petrification resistance
a: Renounce Religion


You were on level 5 of the Dungeon.
You worshipped Okawaru.
Okawaru was noncommittal.
You visited 1 branch of the dungeon, and saw 5 of its levels.

You collected 837 gold pieces.

Inventory:

Hand Weapons
 a - a +0 war axe (weapon)
Armour
 b - a +0 scale mail (worn)
 j - a +0 cloak (worn)
 n - a +0 pair of gloves (worn)
 s - a +0 pair of boots (worn)
 u - a +0 kite shield (worn)
Jewellery
 e - a ring of resist corrosion (left hand)
 l - a ring of protection from cold
 o - a ring of willpower (right hand)
Wands
 r - a wand of polymorph (13)
Scrolls
 i - a scroll of silence
 t - a scroll of teleportation
Potions
 d - a potion of might
 f - a potion of heal wounds
 g - 2 potions of brilliance {unknown}
 h - a potion of mutation {unknown}
 k - 6 potions of curing
 m - a potion of haste
 p - 2 potions of magic
 q - 2 potions of attraction {unknown}


   Skills:
 + Level 4.4 Fighting
 + Level 5.4 Axes
 + Level 5.1 Armour
 - Level 0.1 Stealth
 + Level 4.3 Shields
 * Level 0.4 Invocations
 * Level 0.8 Evocations


You had 6 spell levels left.
You didn't know any spells.
Your spell library contained the following spells:

 Spells                   Type           Power      Damage    Failure   Level
 Slow                     Hex            0%         N/A       98%         1
 Confusing Touch          Hex            0%         N/A       100%        3
 Vampiric Draining        Necr           0%         2d6       100%        3
 Petrify                  Tmut/Erth      0%         N/A       100%        4
 Metabolic Englaciation   Hex/Ice        0%         N/A       100%        5
 Statue Form              Tmut/Erth      Unusable   N/A       N/A         6

Dungeon Overview and Level Annotations

Branches:
Dungeon (5/15)
 Temple: D:4-7

Altars:
Elyvilon
Gozag
Makhleb
Nemelex Xobeh
Okawaru
Ru
Sif Muna
Wu Jian

Annotations:
D:5 Grinder


Innate Abilities, Weirdness & Mutations

You are immune to sickness and miasma.
Your stone body is resilient. (AC +4)
You are immune to poison.
You resist negative energy. (rN+)
You are resistant to electric shocks. (rElec)
You are resistant to unholy torment.
You are immune to petrification.


Message History

Grinder gestures at you. Pain shoots through your body!
An ogre comes into view. It is wielding a +0 giant club.
The ogre shouts!
Grinder gestures at you. You resist with almost no effort.
Grinder closely misses you.
You barely miss Grinder.
Grinder is almost dead.
Grinder gestures at you. You resist with some effort.
You closely miss Grinder.
Grinder is almost dead.
Grinder blinks!
You barely miss the ogre.
Grinder says, "Don't move a muscle."
The ogre hits you with a +0 giant club!!
Ouch! That really hurt!
* * * LOW HITPOINT WARNING * * *
You are too injured to fight recklessly!
You are too injured to fight recklessly!
You are too injured to fight recklessly!
You are too injured to fight recklessly!
You are too injured to fight recklessly!
You are too injured to fight recklessly!
You are too injured to fight recklessly!
You are too injured to fight recklessly!
Unknown command.
You barely miss the ogre. You block the ogre's attack.
You hit the ogre.
The ogre is lightly wounded.
The ogre completely misses you.
You slash the ogre!
The ogre is heavily wounded.
Grinder blinks!
You block the ogre's attack.
You hit the ogre but do no damage.
The ogre is heavily wounded.
The ogre hits you with a +0 giant club!!
Ouch! That really hurt!
You die...

#.# ######
#.###....
#.##..###
#.......#
####.#.....#
#..........#
##.#..##....###
#...>............
#...#@#..........
#...#O#..........
#......#..........
## ..............
........<......
#...............
#.##...####... #.
..###


You could see an ogre.

Vanquished Creatures
  Sigmund (D:2)
  An ogre (D:4)
  A necrophage (D:4)
  A hound (D:4)
  A jelly (D:5)
  3 iguanas (D:4)
  4 gnolls (D:4)
  An adder (D:4)
  2 worms (D:3)
  3 dart slugs
  4 orcs
  6 ball pythons
  6 bats
  10 endoplasms
  3 giant cockroaches
  8 goblins
  6 hobgoblins
  7 quokkas
  A frilled lizard (D:2)
  7 kobolds
  7 rats
83 creatures vanquished.

Vanquished Creatures (collateral kills)
  An iguana (D:4)
1 creature vanquished.

Grand Total: 84 creatures vanquished

Notes
Turn   | Place    | Note
-------+----------+-------------------------------------------
     0 | D:1      | bande the Gargoyle Fighter began the quest for the Orb.
     0 | D:1      | Reached XP level 1. HP: 14/14 MP: 1/1
   140 | D:1      | Reached XP level 2. HP: 16/19 MP: 2/2
   715 | D:2      | Reached XP level 3. HP: 23/23 MP: 3/3
   748 | D:2      | Identified a scroll of acquirement
   748 | D:2      | Acquired 723 gold pieces
   788 | D:2      | Found a faded altar of an unknown god.
  1166 | D:2      | Noticed Sigmund
  1176 | D:2      | Killed Sigmund
  1177 | D:2      | Reached XP level 4. HP: 21/29 MP: 4/4
  1177 | D:2      | Reached XP level 5. HP: 24/33 MP: 5/5
  1472 | D:3      | Found an opulent altar of Gozag.
  1472 | D:3      | Found a white marble altar of Elyvilon.
  1473 | D:3      | Found a sparkling altar of Nemelex Xobeh.
  1741 | D:3      | Found a shimmering blue altar of Sif Muna.
  1820 | D:3      | Reached XP level 6. HP: 38/38 MP: 6/6
  1942 | D:3      | Found a sacrificial altar of Ru.
  2485 | D:4      | Found an ornate altar of the Wu Jian Council.
  2661 | D:4      | Reached skill level 5 in Axes
  2661 | D:4      | Reached XP level 7. HP: 34/44 MP: 7/7
  2745 | D:4      | Reached skill level 5 in Armour
  2811 | D:4      | Found a burning altar of Makhleb.
  2926 | D:4      | Found an iron altar of Okawaru.
  2929 | D:4      | Became a worshipper of Warmaster Okawaru
  3565 | D:5      | Entered Level 5 of the Dungeon
  3609 | D:5      | Noticed Grinder
  3612 | D:5      | Paralysed by Grinder for 3 turns
  3644 | D:5      | Demolished by an ogre

Illustrated notes

Levels and vault maps discovered:
D:1:      dpeg_arrival_simpleton_a, layout_basic, st_stairs_8,
          kennysheep_pointless_box, chequers_mini_garden, minivault_25
D:2:      layout_loops_ring, shapermc_ecumenical_altar_starsandcircs,
          minmay_heptomino_h4, uniq_sigmund
D:3:      layout_loops_ring, mainiacjoe_overflow_alcove_4,
          gammafunk_temple_overflow_forgotten,
          mainiacjoe_overflow_concentric_impassable, grunt_ministairs_10
D:4:      layout_gridville, nicolae_wu_jian_wuxing_cycle, lemuel_doored_altar,
          makhleb_blood_cavern_becter
D:5:      layout_basic, lemuel_tele_altar, minmay_temple_entry_waves,
          uniq_eustachio, uniq_grinder

Skill      XL: |  1  2  3  4  5  6  7 |
---------------+----------------------+-----
Axes           | 2 3 5 |  5.4
Armour         | 4 5 |  5.1
Fighting       | 4 |  4.4
Shields        | 4 |  4.3
Stealth        | |  0.1
Invocations    | |  0.4
Evocations     | |  0.8

Action                     |  1- 3 |  4- 6 |  7- 9 || total
---------------------------+-------+-------+-------++-------
  Melee: War axe           |    94 |   104 |    62 ||   260
    Use: Scroll            |     3 |     5 |       ||     8
 Armour: Scale mail        |    56 |    56 |    30 ||   142
  Dodge: Dodged            |    54 |    71 |    32 ||   157
  Block: Buckler           |    15 |    28 |     6 ||    49
         Kite shield       |       |       |     5 ||     5

Table legend: (Time is in decaauts)
 A = Elapsed time spent in this place.
 B = Non-inter-level travel time spent in this place.
 C = Inter-level travel time spent in this place.
 D = Time resting spent in this place.
 E = Time spent auto-exploring this place.
 F = Levels seen in this place.
 G = Mean time per level.
                   A        B        C        D        E       F      G
               +--------+--------+--------+--------+--------+-----+--------+
         Total |   3742 |   3458 |    284 |      0 |   2667 |   5 |  748.4 |
       Dungeon |   3742 |   3458 |    284 |      0 |   2667 |   5 |  748.4 |
               +--------+--------+--------+--------+--------+-----+--------+

Top non-repeatable levels by time:
     D:4: 1286 daAuts
     D:3: 948 daAuts
     D:1: 732 daAuts
     D:2: 687 daAuts
     D:5: 89 daAuts
